[Event "MČR družstev mladších žáků 2024"]
[Site "Harrachov, Czech Republic"]
[Date "2024.06.15"]
[Round "3.13"]
[White "Vanek Martin"]
[Black "Policar Martin"]
[Result "1/2-1/2"]
[TimeControl "25+10"]
[WhiteFideId "23769238"]
[BlackFideId "23734868"]
[WhiteElo "1580"]
[BlackElo "1646"]

1. d4 Nf6 2. c4 g6 3. Nc3 d5 4. cxd5 Nxd5 5. e4 Nxc3 6. bxc3 Bg7 7. Nf3 O-O 8. Bc4 c5 9. O-O Nc6 10.
Bb2 Bg4 11. e5 cxd4 12. cxd4 Bxf3 13. gxf3 e6 14. Qd2 Nxe5 15. Qe2 Nxc4 16. Qxc4 Rc8 17. Qd3 e5 18. Rfd1 Qg5+ 19. Kh1 exd4 20.
Bxd4 Rfd8 21. Qe4 Bxd4 22. Rxd4 Re8 23. Qxb7 Qf6 24. Rdd1 Rc3 25. Qxa7 Rxf3 26. Kg2 Qf5 27. a4 Qg4+ 28.
Kf1 Qc4+ 29. Kg1 Rf5 30. Qb7 Qc5 31. Rf1 Qd4 32. a5 Rxf2 33. Rxf2 Qxa1+ 34. Rf1 Qd4+ 35. Kh1 Qc4 36. Kg1 Qg4+ 37.
Kh1 Qe4+ 38. Qxe4 Rxe4 39. Ra1 Re7 40. Kg2 Kf8 41. Kg3 Ke8 42. Kg4 h6 43. Kf4 Kd8 44. a6 Ra7 45. Ke5 Ke7 46.
Kd5 Kd7 47. Ke5 h5 48. Kf6 Kc6 49. h3 Kd5 50. Rd1+ Ke4 51. Ra1 Kf4 52. Ra4+ Ke3 53. Ke5 Kd3 54. Kd5 Kc3 55. Kc5 f5 56.
Kb6 Ra8 57. a7 g5 58. Kb7 Rxa7+ 59. Kxa7 Kd3 60. Ra5 Ke4 61. Ra4+ Kf3 62. Ra5 Kf4 63. Ra4+ Kg3 64. Ra3+ Kh4 65.
Rf3 g4 66. Rxf5 gxh3 67. Rf2 Kg3 68. Rf5 h4 69. Rb5 h2 70. Rb3+ Kg2 71. Rb2+ Kg3 72. Rb3+ Kg4 73. Rb1 h3 74. Rb4+ Kf5 75. Rb5+ Ke4 76.
Rb4+ Ke5 77. Rb5+ Kd4 78. Rb1 Ke3 79. Rh1 Kf3 80. Rxh2 Kg3 81. Rb2 h2 82. Rb3+ Kg4 83. Rb4+ Kf3 84.
Rb3+ Kg2 85. Rb2+ Kg3 86. Rb3+ 1/2-1/2



[ePGN "0.1;DGT LiveChess/2.2.6"]

[Event "MČR družstev mladších žáků 2024"]
[Site "Harrachov, Czech Republic"]
[Date "2024.06.15"]
[Round "3.14"]
[White "Sudrich Radek"]
[Black "Bilek Filip"]
[Result "0-1"]
[TimeControl "25+10"]
[WhiteFideId "23734361"]
[BlackFideId "23763493"]
[WhiteElo "1470"]
[BlackElo "1249"]

1. e4 c5 2. Nf3 e6 3. d4 cxd4 4. Nxd4 Nf6 5. Bd3 Nc6 6. Nxc6 bxc6 7. Bg5 Be7 8. Nc3 O-O 9. O-O h6 10.
Bh4 Re8 11. Kh1 Nxe4 12. Bxe4 Bxh4 13. g3 Bf6 14. Qe2 d5 15. Bg2 Qb6 16. Rfb1 Rb8 17. Re1 Ba6 18. Na4 Bxe2 19. Nxb6 Rxb6 20.
Rxe2 Rxb2 21. h3 c5 22. Bxd5 Rc8 23. Bg2 Rxc2 24. Rxc2 Bxa1 25. Bf1 Bd4 26. Bc4 Kf8 27. Kg2 Ke7 28.
f4 f6 29. Kf3 e5 30. Ke4 g6 31. f5 g5 32. h4 Rb8 33. Bb3 Kd6 34. hxg5 hxg5 35. Rh2 Rb4 36. Kd3 e4+ 37. Kc2 Ke5 38.
Rh7 Kxf5 39. Rxa7 c4 40. Ra5+ Kg4 41. Ba4 Rb2+ 42. Kd1 Kxg3 43. Rd5 Be5 44. Bc2 e3 45. Be4 Kf2 46. Kc1 e2 47.
Rxe5 fxe5 48. Kxb2 e1=Q 49. Bc2 Qb4+ 50. Kc1 g4 51. a4 g3 52. Be4 Qxa4 53. Kd2 Qb3 54. Bc2 Qe3+ 55. Kd1 Qe1# 0-1



[ePGN "0.1;DGT LiveChess/2.2.6"]

[Event "MČR družstev mladších žáků 2024"]
[Site "Harrachov, Czech Republic"]
[Date "2024.06.15"]
[Round "3.15"]
[White "Najdkova Laura"]
[Black "Moravec Rene"]
[Result "0-1"]
[TimeControl "25+10"]
[WhiteFideId "23751290"]
[BlackFideId "23745274"]
[WhiteElo "1337"]
[BlackElo "1295"]

1. e4 c5 2. Nf3 Nc6 3. d4 cxd4 4. Nxd4 g6 5. Nc3 Bg7 6. Be3 Nf6 7. Be2 d6 8. O-O O-O 9. f4 Bd7 10.
Kh1 Qc8 11. Qe1 Bg4 12. Qh4 Bxe2 13. Ncxe2 Ng4 14. Nxc6 Qxc6 15. Qxg4 Qxe4 16. Bg1 Rfc8 17. c3 Qc2 18. Bxa7 f5 19.
Qf3 Rxa7 20. Qe3 Raa8 21. Nd4 Qe4 22. Qxe4 fxe4 23. Rfe1 Bxd4 24. cxd4 d5 25. Kg1 Rc2 26. Rec1 Rac8 27.
Rxc2 Rxc2 28. b3 Kf8 0-1



[ePGN "0.1;DGT LiveChess/2.2.6"]

[Event "MČR družstev mladších žáků 2024"]
[Site "Harrachov, Czech Republic"]
[Date "2024.06.15"]
[Round "3.16"]
[White "Sevcikova Terezie"]
[Black "Hamernikova Iris"]
[Result "1/2-1/2"]
[TimeControl "25+10"]
[WhiteFideId "23766425"]
[BlackFideId "23745738"]
[WhiteElo "1447"]
[BlackElo "1216"]

1. d4 d5 2. Bf4 e6 3. e3 Nf6 4. c3 Nbd7 5. Nf3 Be7 6. Bd3 b6 7. Nbd2 Bb7 8. O-O h6 9. Bb5 c6 10.
Ba4 b5 11. Bb3 c5 12. a4 c4 13. Bc2 Bc6 14. axb5 Bxb5 15. Ba4 Bxa4 16. Rxa4 O-O 17. Qc2 Nb6 18. Ra2 a5 19. Ne5 Qc8 20.
Re1 Nbd7 21. Raa1 Nxe5 22. Bxe5 Nd7 23. Bg3 Nf6 24. e4 Nh5 25. exd5 Nxg3 26. hxg3 Bd6 27. dxe6 fxe6 28. Nf3 Rf6 29.
Nd2 Qf8 30. Nxc4 Bc7 31. Rf1 Qb8 32. Qd3 a4 33. d5 Qd8 34. Rad1 exd5 35. Qxd5+ Qxd5 36. Rxd5 Rc8 37. Ne3 Bb6 38.
Rb5 Rcf8 39. Re5 Kh7 40. g4 Kg6 41. g3 R8f7 42. Kg2 Rf8 43. f4 Bxe3 44. Rxe3 h5 45. gxh5+ Kxh5 46. Rh1+ Kg6 47. Re4 Rb8 48. Rxa4 Rxb2+ 49. Kf3 Rb3 50. Rc1 Rc6 51. Re4 Rbxc3+ 52. Rxc3 Rxc3+ 53. Re3 Rc6 54. Kg4 Rd6 55. f5+ Kf6 56.
Kf4 Rc6 57. g4 Rc4+ 58. Kf3 Kg5 59. Re7 Kf6 60. Rb7 Rc6 61. Rb4 Kg5 62. Rb7 Kf6 63. Rd7 Rc3+ 64. Ke4 Rc4+ 65. Kf3 Rc3+ 66.
Kf4 Rc4+ 67. Kg3 Rc3+ 68. Kf2 Ra3 69. Rd6+ Ke7 70. Rg6 Kf7 71. Re6 Rb3 72. Ke2 Rg3 73. Re4 Kf6 74. Re6+ Kf7 75.
Re4 Ra3 76. Re3 Ra4 77. Kf3 Kf6 78.
Re4 Ra6 79. Kf4 Rb6 80. g5+ Kf7 81. Rd4 Ke7 82. Ra4 Rb7 83. Ke4 Rc7 84. Ra5 Kf7 85. Kd5 Rb7 86. Rc5 Rd7+ 87. Kc6 Ra7 88.
Kb6 Rd7 89. Rc7 Rxc7 90. Kxc7 g6 91.
f6 Ke8 92. Kc8 Kf7 93. Kd7 Kf8 94. Kd6 Kf7 95. Ke5 Kf8 96. Kd5 Kf7 97. Kd6 Kf8 98. Kd7 Kf7 99. Kd6 Kf8 100. Kd5 Kf7 101. Ke5 Kf8 102. Ke6 Ke8 103.
Kd6 Kf7 104. Kd7 Kf8 105. Kd6 Kf7 106.
Kd5 Kf8 107. Ke5 Kf7 108. Kd5 Kf8 109. Ke6 Ke8 110. Ke5 Kf7 111. Kd6 Kf8 112. Kd5 Kf7 113. Ke5 Kf8 114. Kf4 Kf7 115.
Ke4 Ke6 116. Kd4 Kf7 117. Kd5 Kf8 118. Kd6 Kf7 1/2-1/2



[ePGN "0.1;DGT LiveChess/2.2.6"]

[Event "MČR družstev mladších žáků 2024"]
[Site "Harrachov, Czech Republic"]
[Date "2024.06.15"]
[Round "3.17"]
[White "Prikryl Daniel"]
[Black "Chauvin Simon"]
[Result "1-0"]
[TimeControl "25+10"]
[WhiteFideId "23745770"]
[BlackFideId "23739053"]
[WhiteElo "1199"]
[BlackElo "1085"]

1. e4 c5 2. Nf3 Nc6 3. Bb5 a6 4. Bxc6 dxc6 5. Nc3 Bg4 6. d3 e5 7. h3 Bxf3 8. Qxf3 Nf6 9. Be3 Be7 10.
Qg3 Rg8 11. Qxe5 Qd6 12. Qxd6 Bxd6 13. O-O O-O-O 14. f4 Nd7 15. d4 cxd4 16. Bxd4 Bc5 17. Bxc5 Nxc5 18. Rad1 Rde8 19. e5 g5 20.
Rde1 Ne6 21. f5 Nc5 22. Re3 Nd7 23. Rfe1 Re7 24. e6 fxe6 25. fxe6 Nc5 26. b4 Nxe6 27. Rxe6 Reg7 28. Re8+ Kd7 29. Rxg8 Rxg8 30. Re5 Rg7 31.
Ne4 h6 32. Nc5+ Kc7 33. Re6 h5 34. Re5 1-0



[ePGN "0.1;DGT LiveChess/2.2.6"]

[Event "MČR družstev mladších žáků 2024"]
[Site "Harrachov, Czech Republic"]
[Date "2024.06.15"]
[Round "3.19"]
[White "Honcharov Makar"]
[Black "Jezek Jiri"]
[Result "1-0"]
[TimeControl "25+10"]
[WhiteFideId "23746203"]
[BlackFideId "23754672"]
[WhiteElo "1806"]
[BlackElo "1503"]

1. e4 c5 2. b4 cxb4 3. a3 bxa3 4. d4 g6 5. c3 Bg7 6. Bd3 e6 7. Ne2 d5 8. e5 Ne7 9. Nxa3 O-O 10.
O-O a6 11. Bf4 Bd7 12. Nc2 Bc6 13. Qd2 Nd7 14. Bh6 Bxh6 15. Qxh6 Nf5 16. Bxf5 exf5 17. Nf4 Re8 18. Ne3 Nf8 19.
Nxf5 gxf5 20. Nh5 Ne6 21. Nf6+ Kh8 22. Qxh7# 1-0



[ePGN "0.1;DGT LiveChess/2.2.6"]

[Event "MČR družstev mladších žáků 2024"]
[Site "Harrachov, Czech Republic"]
[Date "2024.06.15"]
[Round "3.2"]
[White "Walder Hugo"]
[Black "Kala Jakub"]
[Result "0-1"]
[TimeControl "25+10"]
[WhiteFideId "23743360"]
[BlackFideId "23753897"]
[WhiteElo "1489"]
[BlackElo "1657"]

1. e4 c6 2. d4 d5 3. e5 Bf5 4. h4 h5 5. Bd3 Bxd3 6. Qxd3 Qa5+ 7. c3 Qa6 8. Qxa6 Nxa6 9. Be3 e6 10. Nd2 Nh6 11. Nb3 Nf5 12.
Kd2 Be7 13. Bg5 b6 14. Bxe7 Kxe7 15. Ne2 c5 16. Rh3 Rab8 17. Ng3 Nh6 18. Nxh5 Ng4 19. Ng3 Nxf2 20. Rh2 c4 21. Nc1 Rh6 22.
Nce2 Nd3 23. Kc2 Rbh8 24. h5 g6 25. Rah1 Nf2 26. Rf1 Ng4 27. Rfh1 Nxh2 28. Rxh2 gxh5 29. Rh4 Nc7 30. Nf4 Ne8 31. Rxh5 Rxh5 32. Ngxh5 Rg8 33. g3 Rg5 34. Kd2 f6 35.
exf6+ Nxf6 36. Nxf6 Kxf6 37. Ne2 Kf5 38. Ke3 Rh5 39. Kf3 Rh1 40. Nf4 Rf1+ 41. Ke2 Rb1 42. g4+ Kxf4 0-1



[ePGN "0.1;DGT LiveChess/2.2.6"]

[Event "MČR družstev mladších žáků 2024"]
[Site "Harrachov, Czech Republic"]
[Date "2024.06.15"]
[Round "3.20"]
[White "Zelenka Tomas"]
[Black "Tykalova Barbora"]
[Result "0-1"]
[TimeControl "25+10"]
[WhiteFideId "23750200"]
[BlackFideId "23750898"]
[WhiteElo "1255"]
[BlackElo "1284"]

1. e4 d5 2. exd5 Qxd5 3. Nc3 Qd6 4. d4 Nf6 5. Nf3 Bf5 6. Bc4 e6 7. O-O c6 8. Re1 Be7 9. Be3 Nbd7 10.
h3 O-O 11. Qd2 Qb4 12. Bb3 a5 13. Rad1 a4 14. a3 Qb6 15. Nxa4 Qc7 16. Nc3 b5 17. Bf4 Qb6 18. Ne5 Rad8 19.
Re3 b4 20. axb4 Bxb4 21. Bg5 Nxe5 22. Rxe5 c5 23. dxc5 Rxd2 24. cxb6 Bxc3 25. Bxd2 Bxe5 26. Ba5 h6 27. b7 Rb8 28.
Rd8+ Rxd8 29. Bxd8 Be4 30. Bxf6 gxf6 31. b8=Q+ Bxb8 32. Kf1 Kf8 33. f3 Bc6 34. Ke2 Ke7 35. Kd3 Kd6 36. c4 Ba7 37.
Bc2 Ke5 38. Ke2 Kd4 39. b3 Kc3 40. Bd1 Bd7 41. Kf1 e5 42. Ke2 Bf5 43. f4 e4 44. Kf1 e3 45. g4 Be4 46. Kg1 e2+ 0-1



[ePGN "0.1;DGT LiveChess/2.2.6"]

[Event "MČR družstev mladších žáků 2024"]
[Site "Harrachov, Czech Republic"]
[Date "2024.06.15"]
[Round "3.21"]
[White "Koutecky Vaclav"]
[Black "Krivka Lukas"]
[Result "1/2-1/2"]
[TimeControl "25+10"]
[WhiteFideId "23752602"]
[BlackFideId "23752092"]
[WhiteElo "1194"]
[BlackElo "1266"]

1. e4 c6 2. Nf3 d5 3. Nc3 Bg4 4. h3 Bxf3 5. Qxf3 e6 6. g3 Nf6 7. d3 Bb4 8. Bg2 d4 9. a3 Qa5 10. axb4 Qxa1 11. Ne2 Qa4 12. c3 dxc3 13. bxc3 Nbd7 14. O-O Ne5 15. Qe3 Rd8 16. d4 Nc4 17. Qd3 Qb5 18. e5 Nd5 19. Bg5 Rd7 20. Rc1 h6 21. Bf4 O-O 22. Qf3 g5 23. Qg4 Kh8 24. Bxg5 hxg5 25. Qh5+ Kg7 26. Qxg5+ Kh8 27. Qh4+ Kg8 28. Qg4+ Kh8 29. Qh4+ Kg8 30. Qg5+ Kh8 31. Qh6+ Kg8 32. Qg5+ Kh8 33. Qh5+ Kg8 34.
Qg5+ Kh8 1/2-1/2



[ePGN "0.1;DGT LiveChess/2.2.6"]

[Event "MČR družstev mladších žáků 2024"]
[Site "Harrachov, Czech Republic"]
[Date "2024.06.15"]
[Round "3.22"]
[White "Strihavka Petr"]
[Black "Koutecka Magdalena"]
[Result "1-0"]
[TimeControl "25+10"]
[WhiteFideId "23760702"]
[BlackFideId "23752599"]
[WhiteElo "1251"]
[BlackElo "1085"]

1. e4 d5 2. exd5 Nf6 3. Nf3 Bg4 4.
Be2 Nxd5 5. O-O e6 6. Ne5 Bxe2 7. Qxe2 Bd6 8. b3 Bxe5 9. Qxe5 Qf6 10. Bb2 Qxe5 11. Bxe5 O-O 12. Re1 Nc6 13.
Bg3 Rad8 14. Na3 a6 15. Nc4 Rd7 16. c3 Rfd8 17. Re2 Nce7 18. Ne5 Rd6 19. Nc4 R6d7 20. Na5 c6 21. Nc4 Ng6 22.
Rae1 Ngf4 23. Bxf4 Nxf4 24. Re3 b5 25. Ne5 Rxd2 26. Nxc6 R8d3 27. g3 Rxe3 28. fxe3 Nh3+ 29. Kh1 Rxa2 30. Nb4 Rb2 31. Nxa6 Rxb3 32. Rc1 Nf2+ 33. Kg2 Ne4 34.
c4 bxc4 35. Rxc4 Rxe3 36. Rc8# 1-0



[ePGN "0.1;DGT LiveChess/2.2.6"]

[Event "MČR družstev mladších žáků 2024"]
[Site "Harrachov, Czech Republic"]
[Date "2024.06.15"]
[Round "3.23"]
[White "Strazhnyk Yevhen"]
[Black "Bejvl Antonin"]
[Result "1-0"]
[TimeControl "25+10"]
[WhiteFideId "23771305"]
[BlackFideId "23770953"]
[WhiteElo "1150"]
[BlackElo "1172"]

1. d4 e5 2. dxe5 d6 3. Nf3 Bg4 4.
exd6 Bxd6 5. e3 Nc6 6. Be2 Qe7 7. h3 Bh5 8. Nc3 Nf6 9. Nd5 Nxd5 10. Qxd5 Bg6 11. Bb5 Be4 12. Qc4 O-O-O 13. Bxc6 Bxc6 14. Qg4+ Qd7 15. Qxd7+ Kxd7 16. Bd2 f6 17. O-O-O Ke7 18. h4 Kf7 19. Rh3 Rhe8 20. h5 Re7 21.
a3 Red7 22. g4 h6 23. Nd4 Bd5 24. Nb5 Bc5 25. Nd4 Bxd4 26. exd4 Bc6 27. Be3 Bb5 28. b4 b6 29. Kb2 c5 30.
c3 Ba4 31. Rd2 Bb5 32. Kb3 c4+ 33. Kb2 Rd5 34. Rg3 Rg8 35. Rd1 Ba4 36. Rdg1 Bd7 37. Kc1 b5 38. Kd2 Ke6 39. Ke2 f5 40.
g5 Be8 41. gxh6 Bxh5+ 42. Kd2 g6 43. Ke1 Rf8 44. Bd2 f4 45.
Rg5 Rxg5 46. Rxg5 Rf7 47. Rxb5 g5 48. Rxg5 Bf3 49. Rc5 Bd5 50. Kf1 f3 51. Kg1 Rf8 52. Kh2 Rg8 53. Kh3 Be4 54. Re5+ Kf6 55. Rxe4 Kg6 56. Rg4+ Kh7 57. Rxg8 Kxg8 58.
Kg3 Kh7 59. Kxf3 a6 60. d5 a5 61.
d6 axb4 62. axb4 Kg6 63. d7 Kf7 64. d8=Q Ke6 65. Ke4 Kf7 66.
Qd7+ Kf6 67. Qf5+ Ke7 68. Ke5 Kd8 69. Kd6 Ke8 70. Qd7+ Kf8 71. Ke6 Kg8 72. Kf6 Kh8 73. Qg7# 1-0



[ePGN "0.1;DGT LiveChess/2.2.6"]

[Event "MČR družstev mladších žáků 2024"]
[Site "Harrachov, Czech Republic"]
[Date "2024.06.15"]
[Round "3.25"]
[White "Cerny Rodan"]
[Black "Padivy Jan"]
[Result "0-1"]
[TimeControl "25+10"]
[WhiteFideId "23746165"]
[BlackFideId "23752904"]
[WhiteElo "1299"]
[BlackElo "1500"]

1. e4 c5 2. Nf3 Nc6 3. d4 cxd4 4.
Nxd4 e6 5. Be3 a6 6. a4 Nf6 7. Nc3 Be7 8. g3 O-O 9. Bg2 d5 10. e5 Nxe5 11. O-O Neg4 12. Bg5 Qb6 13. Nb3 Ne5 14.
a5 Qc6 15. Nd4 Qd7 16. Na4 Qc7 17. Nb6 Rb8 18. Bf4 Bd6 19. Re1 Nc4 20. Bxd6 Nxd6 21. Nb3 Nc4 22. Qd4 Nxb6 23. axb6 Qxc2 24.
Nc5 Qc4 25. Qe5 Nd7 26. Nxd7 Bxd7 27. Bf1 Qc6 28. Rec1 Qxb6 29. Rc7 Bc6 30. Bd3 Rbe8 31. Rc1 f6 32. Bxh7+ Kxh7 33. Qh5+ Kg8 34. Rxg7+ Kxg7 35. g4 Rh8 36. Qxe8 Rxe8 37.
Rc3 Qxb2 38. Rg3 Rh8 39. h3 d4 40. Kf1 Qc1+ 41. Ke2 Bb5+ 42. Kf3 Qh1+ 43. Kf4 e5+ 44. Kf5 Bd7# 0-1



[ePGN "0.1;DGT LiveChess/2.2.6"]

[Event "MČR družstev mladších žáků 2024"]
[Site "Harrachov, Czech Republic"]
[Date "2024.06.15"]
[Round "3.26"]
[White "Koupil Stepan"]
[Black "Lutskiy Mikhail"]
[Result "1/2-1/2"]
[TimeControl "25+10"]
[WhiteFideId "23742119"]
[BlackFideId "23744308"]
[WhiteElo "1423"]
[BlackElo "1446"]

1. e4 c5 2. Nf3 g6 3. d4 cxd4 4. Nxd4 Bg7 5. Nc3 Nc6 6. Be3 Nf6 7. Bc4 O-O 8. Bb3 d6 9. O-O Ng4 10.
Nxc6 bxc6 11. Bf4 Ne5 12. h3 a5 13. a3 Rb8 14. Qd2 Ba6 15. Rfe1 Nd7 16. Be3 Nb6 17. Rad1 Nc4 18. Bxc4 Bxc4 19.
b3 Be6 20. Ne2 Qd7 21. Nf4 Rfc8 22. Nxe6 Qxe6 23. a4 Rb4 24. f3 c5 25. Qd5 Qxd5 26. Rxd5 Bc3 27. Red1 Ra8 28. R1d3 Bg7 29.
Bd2 c4 30. bxc4 Rxc4 31. Rxa5 Rxa5 32. Bxa5 Rxa4 33. Bc3 Bh6 34. Bd2 1/2-1/2



[ePGN "0.1;DGT LiveChess/2.2.6"]

[Event "MČR družstev mladších žáků 2024"]
[Site "Harrachov, Czech Republic"]
[Date "2024.06.15"]
[Round "3.27"]
[White "Cerny Ren"]
[Black "Sara David"]
[Result "0-1"]
[TimeControl "25+10"]
[WhiteFideId "23754559"]
[BlackFideId "23746599"]
[WhiteElo "1317"]
[BlackElo "1379"]

1. e4 e5 2. Nc3 Nf6 3. Bc4 Nc6 4. d3 Bc5 5. Nf3 d6 6. h3 Be6 7. Nd5 h6 8. O-O Qd7 9. c3 Bxd5 10.
Bxd5 Nxd5 11. exd5 Ne7 12. b4 Bb6 13. c4 g5 14. a4 g4 15. hxg4 Qxg4 16. a5 Rg8 17. Nh4 Bd4 18. Qa4+ Kd8 19.
Ra2 Qxh4 20. Be3 Qg4 0-1



[ePGN "0.1;DGT LiveChess/2.2.6"]

[Event "MČR družstev mladších žáků 2024"]
[Site "Harrachov, Czech Republic"]
[Date "2024.06.15"]
[Round "3.28"]
[White "Malek Daniel"]
[Black "Gao Tianle"]
[Result "1/2-1/2"]
[TimeControl "25+10"]
[WhiteFideId "23742720"]
[BlackFideId "23739924"]
[WhiteElo "1246"]
[BlackElo "1120"]

1. e4 e6 2. d4 d5 3. exd5 exd5 4. c4 Nf6 5. Nc3 c6 6. Nf3 h6 7. Bf4 Bd6 8. Bxd6 Qxd6 9. Bd3 O-O 10.
O-O Bg4 11. Rc1 Nbd7 12. cxd5 cxd5 13. Be2 Rfe8 14. Nb5 Qb6 15. Nc7 Qxb2 16. Rc2 Qa3 17. Nxa8 Rxa8 18. Ne5 Bf5 19. Nxd7 Bxd7 20.
Qd3 Qd6 21. Bf3 Qf4 22. Qe3 Qf5 23. Rc7 Re8 24. Qc3 Bc6 25. Re1 Kh7 26. Rxe8 Nxe8 27. Re7 Nc7 28. Re1 Nb5 29. Qb2 Qf4 30.
Bxd5 Bxd5 31. Qxb5 Qxd4 32. Qb1+ g6 33. h3 Qf4 34. Qb2 Qg5 35. g3 Qh5 36. h4 Qf3 37. Kf1 Bc4+ 38. Kg1 Bd5 39.
Kf1 Bc4+ 1/2-1/2



[ePGN "0.1;DGT LiveChess/2.2.6"]

[Event "MČR družstev mladších žáků 2024"]
[Site "Harrachov, Czech Republic"]
[Date "2024.06.15"]
[Round "3.3"]
[White "Levchenko Alisa"]
[Black "Bucek Vit"]
[Result "0-1"]
[TimeControl "25+10"]
[WhiteFideId "23760311"]
[BlackFideId "23750812"]
[WhiteElo "1302"]
[BlackElo "1582"]

1. d4 Nf6 2. Nf3 e6 3. Bg5 d5 4. Nbd2 Nbd7 5. e3 Be7 6. Bd3 O-O 7. Ne5 c5 8. c3 Qc7 9. Ndf3 Re8 10.
Rc1 c4 11. Bb1 b5 12. a3 a5 13. Bf4 Qb6 14. Ng5 Rf8 15. Qf3 b4 16. Qh3 h6 17. axb4 axb4 18. O-O bxc3 19. bxc3 Ra1 20.
Nxd7 Bxd7 21. Nh7 e5 22. Nxf8 Bxh3 23.
Bh7+ Nxh7 24. Rxa1 Nxf8 25. Bxe5 Qg6 26. Bg3 Bf5 27. Ra5 Be6 28. f4 h5 29. f5 Bxf5 30. Rxd5 Bd3 31. Rf4 h4 32.
Bxh4 Bxh4 33. Rxh4 Be4 34. Rxe4 Qxe4 35. Re5 Qc2 36. d5 Qxc3 37. Re8 Qe1# 0-1



[ePGN "0.1;DGT LiveChess/2.2.6"]

[Event "MČR družstev mladších žáků 2024"]
[Site "Harrachov, Czech Republic"]
[Date "2024.06.15"]
[Round "3.30"]
[White "Tehan Albert"]
[Black "Shamma Louis Shaheen"]
[Result "0-1"]
[TimeControl "25+10"]
[WhiteFideId "23762616"]
[BlackFideId "23765127"]
[WhiteElo "1037"]
[BlackElo "1015"]

1. e4 e5 2. f4 exf4 3. Nf3 Nc6 4. Nc3 d6 5. d4 Bg4 6.
Bb5 a6 7. Ba4 b5 8. Bb3 Bxf3 9. Qxf3 Nxd4 10. Qxf4 Nf6 11. Be3 Nxb3 12. axb3 Be7 13. O-O O-O 14. Nd5 Nxd5 15. exd5 Bf6 16.
Bd4 Bxd4+ 17. Qxd4 c5 18.
dxc6 Qc7 19. Qd5 Qb6+ 20. Kh1 Rac8 21. Rf2 Qxf2 22. Qf3 Qxc2 23. Qc3 Qxc3 24. bxc3 Rxc6 25. Rc1 b4 26. c4 d5 27.
c5 Rfc8 28. Kg1 Rxc5 29. Re1 Rc1 30. Kf2 Rxe1 31. Kxe1 Rc3 32. Kd2 Rxb3 33. g4 Rc3 34. h3 a5 35. h4 a4 36. Ke2 a3 37. g5 a2 38. h5 a1=Q 39. h6 Qb2+ 40.
Kd1 Rc1# 0-1



[ePGN "0.1;DGT LiveChess/2.2.6"]

[Event "MČR družstev mladších žáků 2024"]
[Site "Harrachov, Czech Republic"]
[Date "2024.06.15"]
[Round "3.7"]
[White "Zrust Lukas"]
[Black "Trejbal Jindrich"]
[Result "1/2-1/2"]
[TimeControl "25+10"]
[WhiteFideId "23736666"]
[BlackFideId "23743948"]
[WhiteElo "1742"]
[BlackElo "1401"]

1. e4 e5 2. Nf3 Nf6 3. Nc3 Bb4 4. Nd5 Nxd5 5. exd5 d6 6. Be2 O-O 7. O-O Bf5 8. c3 Bc5 9. d4 exd4 10.
Nxd4 Bxd4 11. Qxd4 Nd7 12. Bf4 Qf6 13. Qd2 h6 14. Rfe1 Rfe8 15. Bb5 a6 16. Bxd7 Bxd7 17. Be3 Bf5 18.
Bd4 Qg6 19. Qf4 Be4 20. f3 Bxd5 21. b3 c5 22. Bf2 Bc6 23. Bg3 d5 24. Rxe8+ Rxe8 25. Re1 Rxe1+ 26. Bxe1 Qb1 27. Qd2 Qf5 28. h3 Qe5 29. Bf2 b6 30. Qe3 Qxe3 31. Bxe3 f6 32. Kf2 Kf7 33. b4 cxb4 34. cxb4 b5 35. Bd4 Ke6 36.
Ke3 g5 37. g4 Be8 38. Bc5 h5 39. Bd4 hxg4 1/2-1/2



[ePGN "0.1;DGT LiveChess/2.2.6"]

[Event "MČR družstev mladších žáků 2024"]
[Site "Harrachov, Czech Republic"]
[Date "2024.06.15"]
[Round "3.8"]
[White "Vorlik Jachym"]
[Black "Artamonov Mikhail"]
[Result "0-1"]
[TimeControl "25+10"]
[WhiteFideId "23750901"]
[BlackFideId "23732946"]
[WhiteElo "1388"]
[BlackElo "1515"]

1. e4 e6 2. d4 d5 3.
exd5 exd5 4. Bd3 Bd6 5. Nf3 Bg4 6. O-O Ne7 7. c3 Qd7 8. Be3 Nbc6 9. Nbd2 O-O 10. h3 Bh5 11. Qc2 Bg6 12.
a3 Bxd3 13. Qxd3 Nf5 14. c4 dxc4 15. Nxc4 b5 16. Nxd6 Nxd6 17. Rfd1 f6 18. Bf4 a6 19. Bxd6 Qxd6 20. Qb3+ Kh8 21.
Rac1 Ne7 22. Qc3 c6 23. Qc5 Qxc5 24. Rxc5 Rfd8 25. g4 Rd6 26. b4 Nd5 27. Nd2 Re8 28. Kg2 Nf4+ 29. Kh2 Ne6 30.
Rc3 Nxd4 31. Kg2 Ne2 32. Re3 Rxe3 33. fxe3 Nc3 34. Rc1 Rxd2+ 35. Kf3 Rd3 36. h4 Kg8 37. g5 fxg5 38. hxg5 Kf7 39.
Rc2 Ke7 40. Rh2 Nd5 41. Rxh7 Rxe3+ 42. Kg4 Kf7 43. Kf5 Ne7+ 44. Kf4 Rxa3 45. Rh1 Rb3 46. Rf1 Kg6 47. Ke5 Rxb4 48. Ke6 Re4+ 49.
Kd6 a5 50. Kc5 a4 51. Rf3 Rc4+ 52. Kd6 Nf5+ 53. Ke5 a3 54. Rxa3 b4 55. Rb3 c5 56. Rb2 Rc3 57. Ke4 b3 0-1



[ePGN "0.1;DGT LiveChess/2.2.6"]

[Event "MČR družstev mladších žáků 2024"]
[Site "Harrachov, Czech Republic"]
[Date "2024.06.15"]
[Round "3.9"]
[White "Kolar Edvard"]
[Black "Bartak Tobias"]
[Result "1-0"]
[TimeControl "25+10"]
[WhiteFideId "23746238"]
[BlackFideId "23753544"]
[WhiteElo "1553"]
[BlackElo "1260"]

1. e4 e5 2. Nf3 Nc6 3. Bc4 Bc5 4. b4 Bxb4 5. c3 Be7 6. d4 Na5 7. Nxe5 Nxc4 8. Nxc4 d5 9.
exd5 Qxd5 10. Ne3 Qd6 11. Nd2 Nf6 12. O-O O-O 13. Re1 Be6 14. Bb2 c6 15. c4 Rac8 16. Nf3 Qb4 17. Rb1 Qa5 18.
d5 Rfd8 19. Bxf6 Bxf6 20. d6 Qxa2 21. Rxb7 Rb8 22. Rc7 Rbc8 23. Rxc8 Rxc8 24. h3 h6 25. Nd4 Bd7 26. Nef5 Qxc4 27.
Ne7+ Bxe7 28. Rxe7 Rd8 29. Nf3 Be6 30. d7 1-0



[ePGN "0.1;DGT LiveChess/2.2.6"]

[Event "MČR družstev mladších žáků 2024"]
[Site "Harrachov, Czech Republic"]
[Date "2024.06.15"]
[Round "4.1"]
[White "Vancakova Veronika"]
[Black "Zrust Lukas"]
[Result "1-0"]
[TimeControl "25+10"]
[WhiteFideId "23731907"]
[BlackFideId "23736666"]
[WhiteElo "1437"]
[BlackElo "1742"]

1. d4 Nf6 2. c4 g6 3. Nc3 Bg7 4. e4 d6 5.
Nf3 O-O 6. Be2 Nbd7 7. O-O e5 8. d5 Nc5 9. Qc2 a5 10. Ne1 Re8 11. f3 Nh5 12. Nd3 Nxd3 13. Bxd3 Nf4 14. Be3 Nxd3 15. Qxd3 f5 16. Rac1 f4 17.
Bf2 g5 18. c5 dxc5 19. Bxc5 b6 20. Bf2 Ba6 21. Nb5 Qd7 22. a4 Bxb5 23. Qxb5 Qxb5 24. axb5 Ra7 25. Rc6 Rd8 26. Rfc1 Rd7 27.
d6 cxd6 28. Bxb6 Rab7 29. Rd1 Bf8 30. Rd5 a4 31. Ba5 Kf7 32. Kf2 Rb8 33. Ke2 Rdb7 34. Rc7+ Ke6 35. Rxb7 Rxb7 36. Kd3 Be7 37. Kc4 h5 38. b6 g4 39.
Kb5 Kd7 40. Ka6 Kc8 41. Rd2 Kb8 42. Bc3 g3 43. h3 h4 44. Rd5 Rd7 45. Bxe5 Rd8 1-0



[ePGN "0.1;DGT LiveChess/2.2.6"]

[Event "MČR družstev mladších žáků 2024"]
[Site "Harrachov, Czech Republic"]
[Date "2024.06.15"]
[Round "4.10"]
[White "Hamernikova Iris"]
[Black "Vratny Vojtech"]
[Result "0-1"]
[TimeControl "25+10"]
[WhiteFideId "23745738"]
[BlackFideId "23753692"]
[WhiteElo "1216"]
[BlackElo "1208"]

1. e4 c6 2. d4 d5 3. exd5 cxd5 4. Nc3 Nf6 5. Nf3 Bg4 6. Be2 e6 7. O-O Be7 8. Bf4 O-O 9. Qd3 Nc6 10.
Rfe1 a6 11. Ne5 Bxe2 12. Rxe2 Nxe5 13. Bxe5 Rc8 14. Bxf6 Bxf6 15. Re3 Rc4 16. Rh3 h6 17. Ne2 Qc7 18. c3 Rc8 19. b3 Rc6 20.
Rc1 b5 21. Rf3 b4 22. g3 bxc3 23.
Rxc3 Rxc3 24. Nxc3 Qb6 25. Ne2 Qb5 26. Qd2 Bg5 27. Qd1 a5 28. h4 Be7 29. Kg2 Qb4 30. Rd3 Bf6 31. Kg1 Qa3 32.
Qb1 Be7 33. Kg2 Qb4 34. Kg1 a4 35. Qd1 axb3 36. Rxb3 Qa5 37. Rb7 Ba3 38. Nc3 Qxc3 39. Kg2 Bb4 40. Qh5 Rf8 41. Qg4 Bd6 42. Rb3 Qc7 43. Rb2 Rb8 44.
Re2 Qc4 45. Rd2 Ra8 46. Rb2 Rb8 47. Rd2 Qb4 48. Qe2 Qc4 49. Qd1 Ra8 50. Rc2 Qa6 51. Qd2 Rc8 52. Rb2 Ba3 53. Rb3 Bd6 54.
Rb2 Qc4 55. Rb6 Bc7 56. Rb7 Rb8 57. Ra7 Bb6 58. Re7 Qxd4 59. Qe2 Qe4+ 0-1



[ePGN "0.1;DGT LiveChess/2.2.6"]